 Dungeon Crawl Stone Soup version 0.20-b1-18-gaa2fd62 (webtiles) character file.

85 cereshysteria the Skirmisher (level 4, -2/40 HPs)
             Began as a Minotaur Abyssal Knight on May 24, 2017.
             Was a Believer of Lugonu.
             Slain by a gnoll shaman
             ... wielding a +0 club
              (5 damage)
             ... on level 3 of the Dungeon.
             The game lasted 00:09:47 (1619 turns).

cereshysteria the Skirmisher (MiAK)                 Turns: 1619, Time: 00:09:47

Health: -2/40      AC:  3    Str: 16 (17) XL:     4   Next: 25%
Magic:  4/4        EV: 11    Int: 11 (14) God:    Lugonu [**....]
Gold:   76         SH:  0    Dex:  7 (10) Spells: 3/3 levels left

rFire    . . .     SeeInvis .   a - +1 mace
rCold    . . .     Gourm    .   (no shield)
rNeg     . . .     Faith    .   b - +0 leather armour
rPois    .         Spirit   .   (helmet restricted)
rElec    .         Reflect  .   (no cloak)
rCorr    .         Harm     .   (no gloves)
MR       .....                  (no boots)
Stlth    +.........             (no amulet)
Regen    0.2/turn               (no ring)
MPRegen  0.1/turn               (no ring)

@: brilliant, flying, glowing
A: retaliatory headbutt, horns 2
a: Depart the Abyss, Bend Space, Renounce Religion


You were on level 3 of the Dungeon.
You worshipped Lugonu.
Lugonu was pleased with you.
You were not hungry.

You visited 1 branch of the dungeon, and saw 3 of its levels.
You visited the Abyss 1 time.

You collected 76 gold pieces.

Inventory:

Hand Weapons
 a - a +1 mace (weapon)
Armour
 b - a +0 leather armour (worn)
 g - a +1 leather armour
Jewellery
 e - a cursed ring of teleportation {unknown}
 l - an uncursed amulet of guardian spirit {unknown}
Scrolls
 h - 3 scrolls of teleportation {unknown}
 j - a scroll of fear {unknown}
Comestibles
 i - a royal jelly


   Skills:
 + Level 4.3 Fighting
 + Level 3.9 Maces & Flails
 + Level 3.2 Armour
 + Level 1.8 Dodging
 + Level 0.3 Stealth
 + Level 1.9 Invocations


You had 3 spell levels left.
You didn't know any spells.

Dungeon Overview and Level Annotations

Branches:
Dungeon (3/15)

Altars:
Kikubaaqudgha


Innate Abilities, Weirdness & Mutations

You reflexively headbutt those who attack you in melee.
You have a pair of horns on your head.


Message History

You resist with some effort. The gnoll hits you with a club.
* * * LOW HITPOINT WARNING * * *
You closely miss the gnoll. The gnoll shaman barely misses you.
You furiously retaliate!
You headbutt the gnoll shaman. The gnoll hits you with a club.
* * * LOW HITPOINT WARNING * * *
The gnoll shaman calls down the wrath of its god upon you.
You are outlined in light.
It was a potion of flight.
You feel very buoyant.
You fly up into the air.
The gnoll hits you but does no damage. The gnoll shaman completely misses you.
Unknown command.
You closely miss the gnoll. The gnoll barely misses you.
The gnoll shaman prays to its god.
The gnoll shaman is healed somewhat.
You barely miss the gnoll. The gnoll barely misses you.
The gnoll shaman hits you with a club.
You die...

..# ..# .. #
.#.##!.
######.......
#..(†<...#
#.#####..#
#.##.g...#
#.##@##.##
#.##g##.########
#...g...##.....#
####.#####.###.#
#.# #...#.# #
#)#####...#.######
#...g.......).....
##################


You could see a gnoll shaman and 2 gnolls.

Vanquished Creatures
  3 gnolls (D:3)
  An adder (D:2)
  A worm (D:2)
  A dart slug (D:2)
  A ball python (D:2)
  2 bat zombies (D:2)
  4 giant cockroaches
  7 goblins
  2 hobgoblins (D:2)
  7 bats
  3 kobolds
  8 rats
  3 rat zombies (D:2)
43 creatures vanquished.

Notes
Turn   | Place    | Note
-------+----------+-------------------------------------------
     0 | Abyss:1  | cereshysteria the Minotaur Abyssal Knight began the quest for the Orb.
     0 | Abyss:1  | Reached XP level 1. HP: 19/19 MP: 1/1
   292 | D:1      | Escaped the Abyss
   737 | D:2      | Reached XP level 2. HP: 22/27 MP: 2/2
   792 | D:2      | Reached * piety under Lugonu
   961 | D:2      | Found an ancient bone altar of Kikubaaqudgha.
  1039 | D:2      | Reached skill level 4 in Fighting
  1073 | D:2      | Reached XP level 3. HP: 28/33 MP: 3/3
  1403 | D:2      | Reached ** piety under Lugonu
  1585 | D:3      | Reached XP level 4. HP: 25/40 MP: 4/4
  1616 | D:3      | HP: 2/40 [gnoll/club (1)]
  1619 | D:3      | Slain by a gnoll shaman

Skill      XL: |  1  2  3 |
---------------+----------+-----
Maces & Flails | 3 |  3.9
Fighting       | 4 |  4.3
Armour         | 3 |  3.2
Dodging        | |  1.8
Stealth        | |  0.3
Invocations    | |  1.9

Action                   |  1- 3 |  4- 6 || total
-------------------------+-------+-------++-------
Melee: Mace              |    68 |    10 ||    78
       Headbutt          |    13 |       ||    13
Invok: Depart the Abyss  |     1 |       ||     1
  Use: Potion            |       |     3 ||     3
       Scroll            |       |     1 ||     1
  Eat: Bread ration      |     1 |       ||     1
Armor: Leather armour    |    34 |     4 ||    38
Dodge: Dodged            |    77 |    11 ||    88
